AoeStats
← BETERRRRR

Black Forest

504074253Analyzed
4v4 RM · 1mo ago on Sep 3, 2026· 52m 54s· 8 players
Game mode
Random Map
Map size
Large (8 player)
Population
200
Speed
Normal
Resources
Standard
Victory
Conquest
Starting age
Dark Age
Ending age
Imperial Age
RankedLock teamsTeams togetherTeam positionsShared explorationLock speedFull tech treeHidden civsTurbo modeCheats
Victory
Defeat
🇩🇪 Malay · Germany
1152
+16
🇩🇪 Franks · Germany
1142
+16
🇬🇧 Tatars · United Kingdom
1116
+18
🇸🇰 Turks · Slovakia
1116
+18
🇹🇷 Ethiopians · Türkiye
1192
-18
🇺🇸 Armenians · United States
1166
-18
🇨🇳 Britons · China
1146
-17
🇺🇦 Teutons · Ukraine
1107
-15
WiLLeX
1:04 Loom
12:27 Feudal Age
17:06 Castle Age
16:04 Fletching
17:18 Double-Bit Axe
18:05 Town Watch
19:03 Wheelbarrow
20:29 Stone Mining
20:30 Gold Mining
22:37 Fervor
24:24 Bodkin Arrow
26:57 Sanctity
26:29 Town Watch
29:10 Hand Cart
33:08 Imperial Age
31:47 Town Patrol
31:51 Husbandry
32:10 Scale Barding Armor
32:16 Forging
32:18 Bow Saw
33:12 Gold Shaft Mining
32:40 Light Cavalry
34:06 Chain Barding Armor
33:29 Cavalier
35:39 Plate Barding Armor
35:22 Chivalry
35:42 Conscription
36:04 #83
36:22 Iron Casting
36:18 Paladin
38:21 Chemistry
37:42 Ballistics
38:39 Blast Furnace
37:40 Scale Mail Armor
37:56 Masonry
38:43 Block Printing
38:30 Padded Archer Armor
38:34 Devotion
39:54 Elite Throwing Axeman
41:11 Hoardings
43:23 Fortified Wall
43:19 Siege Engineers
43:44 Architecture
46:40 Onager
46:41 Heavy Scorpion
46:42 Capped Ram
48:58 Caravan
49:28 Coinage
52:32 Chain Mail Armor
52:33 Leather Archer Armor
51:53 Spies/Treason
Práxedes R.
1:10 Loom
11:45 Feudal Age
14:07 Double-Bit Axe
16:54 Castle Age
16:25 Horse Collar
16:47 Gold Mining
26:14 Elite Skirmisher
28:26 Fletching
34:12 Imperial Age
32:33 Bow Saw
33:35 Scale Barding Armor
33:41 Forging
33:14 Light Cavalry
34:06 Bloodlines
33:59 Husbandry
35:26 Elite Steppe Lancer
39:59 Iron Casting
39:08 Cavalier
DieHard
3:18 Loom
11:01 Feudal Age
13:01 Double-Bit Axe
19:30 Castle Age
17:38 Horse Collar
18:01 Gold Mining
24:58 Imperial Age
22:49 Heavy Plow
24:17 Wheelbarrow
24:48 Bow Saw
30:45 Hand Cart
30:38 Stone Mining
33:22 Fletching
36:53 Bodkin Arrow
42:58 Two-Man Saw
43:05 Conscription
43:41 Sanctity
45:06 Caravan
47:05 Artillery
48:39 Gold Shaft Mining
50:54 Heavy Cavalry Archer
51:59 Parthian Tactics
51:41 Thumb Ring
52:03 Sipahi
52:33 Bloodlines
52:24 Husbandry
52:31 Bracer
52:17 Spies/Treason
53:32 Padded Archer Armor
53:54 Ballistics
jonass.534
12:47 Feudal Age
12:58 Double-Bit Axe
13:37 Loom
14:33 Fishing Lines
23:00 Castle Age
21:34 Gold Mining
21:56 Scale Barding Armor
22:02 Forging
23:17 Bow Saw
23:01 Gillnets
25:09 Iron Casting
25:13 Wheelbarrow
24:24 Town Watch
25:19 Gold Shaft Mining
24:57 Husbandry
29:25 Hand Cart
29:10 Town Patrol
33:53 Imperial Age
31:52 Ballistics
34:40 Blast Furnace
33:03 Elite Battle Elephant
34:50 Chemistry
45:54 Light Cavalry
52:32 Spies/Treason
Andrxuv
4:41 Loom
13:35 Feudal Age
18:08 Castle Age
22:43 Horse Collar
23:01 Gold Mining
24:11 Double-Bit Axe
25:07 Heavy Plow
25:59 Bow Saw
30:30 Imperial Age
30:29 Bloodlines
30:33 Forging
30:23 Scale Mail Armor
30:30 Scale Barding Armor
30:38 Onager
30:40 Cavalier
35:22 Chain Barding Armor
37:38 Paladin
39:27 Iron Casting
BETERRRRR
11:15 Feudal Age
15:17 Castle Age
14:10 Double-Bit Axe
14:06 Horse Collar
15:41 Wheelbarrow
16:30 Bow Saw
16:21 Heavy Plow
23:59 Loom
24:59 Hand Cart
30:28 Imperial Age
30:40 Heavy Scorpion
32:35 Conscription
32:31 Guilds
33:51 Torsion Engines
36:08 Chemistry
35:15 Siege Engineers
35:33 Ballistics
35:08 Gold Mining
35:09 Stone Mining
36:48 Masonry
37:15 Coinage
37:46 Caravan
38:59 Banking
42:46 Architecture
petey_hs
1:11 Loom
11:40 Feudal Age
12:48 Man-at-Arms
13:15 Arson
14:46 Forging
14:20 Long Swordsman
20:59 Castle Age
19:08 Double-Bit Axe
20:13 Horse Collar
20:38 Scale Mail Armor
23:26 Wheelbarrow
24:19 Two-Handed Swordsman
25:00 Squires
26:14 Hand Cart
25:45 Town Watch
26:43 Fishing Lines
27:41 Bow Saw
29:50 Redemption
30:16 Chain Mail Armor
31:28 Iron Casting
32:56 Fletching
33:44 Bodkin Arrow
38:07 Imperial Age
36:19 Padded Archer Armor
39:24 Pikeman
546308830
0:50 Loom
11:38 Feudal Age
16:04 Castle Age
14:30 Double-Bit Axe
17:10 Bow Saw
19:17 Horse Collar
22:56 Fletching
29:40 Bodkin Arrow
34:39 Imperial Age
32:18 Crossbowman
34:08 Padded Archer Armor
39:04 Ballistics
38:55 Masonry
38:50 Bracer
39:03 Arbalester
42:22 Chemistry
43:05 Wheelbarrow
42:23 Gold Mining
44:50 Hand Cart
45:13 Gold Shaft Mining
45:52 Conscription
45:57 Yeomen
Connection lost

Rejoining the realm…

Still unreachable

The connection could not be restored.

Session expired

The server has moved on; the page needs a fresh start.